 Dungeon Crawl Stone Soup version 0.27-b1-42-g19c61b19a5 (webtiles) character file.

Game seed: 11672978497806663146

320 Sin92 the Skirmisher (level 6, -5/48 HPs)
             Began as a Demonspawn Fighter on July 29, 2021.
             Killed by nerve-wracking pain
             ... invoked by an orc priest
              (9 damage)
             ... on level 4 of the Dungeon.
             The game lasted 00:06:33 (3579 turns).

Sin92 the Skirmisher (Demonspawn Fighter)           Turns: 3579, Time: 00:06:34

Health: -5/48      AC:  9    Str: 19    XL:     6   Next: 22%
Magic:  6/6        EV: 12    Int:  9    God:
Gold:   250        SH:  9    Dex: 12    Spells: 5/5 levels left

rFire    . . .     SeeInvis .   a - +1 war axe
rCold    . . .     Faith    .   c - +0 kite shield
rNeg     . . .     Spirit   .   b - +0 scale mail
rPois    .         Reflect  .   (no helmet)
rElec    .         Harm     .   (no cloak)
rCorr    .         Rampage  .   (no gloves)
Will     .....                  (no boots)
Stlth    ..........             (no amulet)
HPRegen  1.16/turn              l - +4 ring of evasion
MPRegen  0.10/turn              (no ring)

@: no status effects
A: thin metallic scales 2, powered by death 2
a: no special abilities


You were on level 4 of the Dungeon.
You visited 1 branch of the dungeon, and saw 4 of its levels.
You also visited: Sewer.

You collected 250 gold pieces.

Inventory:

Hand Weapons
 a - a +1 war axe (weapon)
Armour
 b - a +0 scale mail (worn)
 c - a +0 kite shield (worn)
Jewellery
 l - a +4 ring of evasion (left hand)
Wands
 m - a wand of polymorph (11)
Scrolls
 e - 6 scrolls of identify
 g - 2 scrolls of blinking
 j - a scroll of immolation {unknown}
Potions
 d - 5 potions of might
 f - a potion of heal wounds {unknown}
 h - a potion of lignification {unknown}
 i - 2 potions of magic
 n - 2 potions of brilliance {unknown}
 o - a potion of resistance {unknown}


   Skills:
 + Level 4.0 Fighting
 * Level 3.7 Axes
 + Level 3.5 Armour
 + Level 2.0 Dodging
 + Level 3.4 Shields


You had 5 spell levels left.
You didn't know any spells.
Your spell library was empty.

Dungeon Overview and Level Annotations

Branches:
Dungeon (4/15)              Sewer (visited)
 Temple: D:4-7

Altars:
Vehumet

Shops:
D:1 ?   D:4 *


Innate Abilities, Weirdness & Mutations

You are mostly covered in thin metallic scales. (AC +3)
You regenerate health from kills.


Message History

The orc priest invokes the aid of Beogh against you.
Pain shoots through your body! You block the orc priest's attack. x2
There are monsters nearby!
You hit the orc priest.
The orc priest is heavily wounded.
You hit the orc priest. The orc priest barely misses you.
The orc priest calls down the wrath of Beogh upon you.
Pain shoots through your body! The orc priest misses you.
Unknown command.
There are monsters nearby!
You closely miss the orc priest.
The orc priest is heavily wounded.
You hit the orc priest. The orc priest hits you with a +0 whip.
The orc priest mumbles some strange prayers to Beogh against you.
Pain shoots through your body!
The orc priest calls down the wrath of Beogh upon you.
Beogh smites you!
* * * LOW HITPOINT WARNING * * *
There are monsters nearby!
You are too injured to fight recklessly!
Unknown command.
There are monsters nearby!
You are too injured to fight recklessly!
Unknown command.
There are monsters nearby!
You are too injured to fight recklessly!
Unknown command.
There are monsters nearby!
Unknown command.
You barely miss the orc priest.
The orc priest is heavily wounded.
You closely miss the orc priest.
The orc priest hits you with a +0 falchion.
* * * LOW HITPOINT WARNING * * *
The orc priest barely misses you. x2
Unknown command.
It was a potion of magic.
Magic courses through your body.
The orc priest mumbles some strange prayers to Beogh against you.
Pain shoots through your body!
You die...

.... #.. .... #.#
..... ... ..... #.#
......#.##.#########
......#.. .........#
......oo#########.##
.....P.@..†..# #.#
.....∩.).###.# #.#
....PP..## #.####.##
##+.....# #.......#
#.#.#### ###....##
#.... #.....# ..>#
#....##
(.###########....#
.................#


You could see 2 orc priests.

Vanquished Creatures
  A kobold brigand (Sewer)
  A centaur zombie (D:4)
  10 adders
  4 river rats
  An adder zombie (D:4)
  A worm (D:3)
  A dart slug (D:2)
  9 orcs
  9 ball pythons
  3 bats
  4 endoplasms
  2 giant cockroaches
  4 goblins (D:2)
  A hobgoblin (D:2)
  4 jackals (D:2)
  10 kobolds
  3 quokkas
  A frilled lizard (D:2)
  5 rats
74 creatures vanquished.

Vanquished Creatures (collateral kills)
  2 worms (Sewer)
2 creatures vanquished.

Vanquished Creatures (others)
  9 plants
9 creatures vanquished.

Grand Total: 85 creatures vanquished

Notes
Turn   | Place    | Note
-------+----------+-------------------------------------------
     0 | D:1      | Sin92 the Demonspawn Fighter began the quest for the Orb.
     0 | D:1      | Reached XP level 1. HP: 18/18 MP: 1/1
   183 | D:1      | Found Tedwosiah's Magic Scroll Shoppe.
   384 | D:2      | Gained mutation: You regenerate a little health from kills.
                  | [demonic ancestry]
   384 | D:2      | Reached XP level 2. HP: 21/24 MP: 2/2
   593 | D:2      | Gained mutation: You are partially covered in thin metallic
                  | scales. (AC +2) [demonic ancestry]
   593 | D:2      | Reached XP level 3. HP: 15/29 MP: 3/3
  1067 | D:2      | Found a radiant altar of Vehumet.
  1151 | D:2      | Reached skill level 1 in Dodging
  1499 | D:2      | Reached XP level 4. HP: 31/35 MP: 4/4
  2058 | D:3      | Found a glowing drain.
  2081 | Sewer    | Entered a sewer
  2143 | Sewer    | Gained mutation: You are mostly covered in thin metallic
                  | scales. (AC +3) [demonic ancestry]
  2143 | Sewer    | Reached XP level 5. HP: 17/42 MP: 5/5
  3052 | D:3      | Gained mutation: You regenerate health from kills. [demonic
                  | ancestry]
  3052 | D:3      | Reached XP level 6. HP: 48/48 MP: 6/6
  3518 | D:4      | Reached skill level 4 in Fighting
  3564 | D:4      | Found Oleqets's Assorted Antiques.
  3579 | D:4      | Killed from afar by an orc priest

Illustrated notes

Levels and vault maps discovered:
D:1:      tarquinn_simple_flora_water_e, layout_basic, serial_shops, shop
D:2:      cheibrodos_old_hovel, layout_loops_corners, basic_altar,
          dk_noncrumbling_3, minmay_quantized
D:3:      layout_loops_cross, portal_sewer_entry_a, minmay_curled_crystal,
          hangedman_decor_peaks_small
D:4:      layout_basic, lemuel_coloured_pillars_altar,
          mainiacjoe_overflow_surrounded_room, minmay_temple_entry_antechambers,
          serial_undead, serial_undead_d, serial_undead_f, serial_undead_b,
          serial_undead_a, serial_undead_c, serial_undead_e, serial_shops,
          nicolae_shop_overgrown_old_shop

Skill      XL: |  1  2  3  4  5  6 |
---------------+-------------------+-----
Axes           | 2 3 |  3.7
Armour         | 3 |  3.5
Shields        | 3 |  3.4
Dodging        | 1 2 |  2.0
Fighting       | 4 |  4.0

Action                   |  1- 3 |  4- 6 || total
-------------------------+-------+-------++-------
Melee: War axe           |    95 |   219 ||   314
  Use: Scroll            |       |     7 ||     7
       Potion            |       |     3 ||     3
Armor: Scale mail        |    48 |    85 ||   133
Dodge: Dodged            |    59 |   129 ||   188
Block: Kite shield       |    62 |   122 ||   184
